 Dungeon Crawl Stone Soup version 0.31.0-1-g2c135a0 (webtiles) character file.

Game seed: 3009803796500038669

315 samcosmo the Digger (level 6, -2/36 HPs)
             Began as a Gargoyle Earth Elementalist on Mar 15, 2024.
             Blown up by Ijyb (19 damage)
             ... with a mindburst bolt
             ... on level 4 of the Dungeon.
             The game lasted 00:12:29 (3770 turns).

samcosmo the Digger (Gargoyle Earth Elementalist)   Turns: 3770, Time: 00:12:30

Health: -2/36      AC: 11    Str: 11    XL:     6   Next: 44%
Magic:  4/12       EV: 12    Int: 18    God:
Gold:   145        SH:  0    Dex: 10    Spells: 5/13 levels left

rFire   + . .        j - staff of fire
rCold   . . .        o - orb {*Rage}
rNeg    + + .        p - +2 robe {rN+}
rPois   ∞            (no helmet)
rElec   +            m - +2 cloak {rCorr}
rCorr   +            (no gloves)
SInv    +            (no boots)
Will    .....        (no amulet)
Stlth   ++           e - ring of wizardry
HPRegen 0.26/turn    h - ring of see invisible
MPRegen 0.13/turn

%: random rage (20%), wizardry (x1)
@: no status effects
A: sickness immunity, AC +4, negative energy resistance 1, electricity
resistance, torment resistance 1, petrification resistance
a: no special abilities


You were on level 4 of the Dungeon.
You visited 1 branch of the dungeon, and saw 4 of its levels.

You collected 145 gold pieces.

Inventory:

Armour
 a - a +1 robe
 m - a +2 cloak of preservation (worn)
 o - an orb of wrath (worn)
 p - a +2 robe of positive energy (worn)
Magical Staves
 j - a staff of fire (weapon)
Jewellery
 e - a ring of wizardry (left hand)
 h - a ring of see invisible (right hand)
 l - a ring of ice
Scrolls
 c - 2 scrolls of teleportation
 d - a scroll of amnesia
 f - 3 scrolls of identify
 n - a scroll of fear {unknown}
Potions
 b - a potion of magic
 g - 2 potions of haste
 i - 2 potions of attraction
 k - a potion of resistance
 q - a potion of might


   Skills:
 + Level 2.6 Fighting
 + Level 2.7 Dodging
 - Level 2.1 Stealth
 * Level 4.0 Spellcasting
 + Level 1.7 Conjurations
 + Level 4.8 Earth Magic


You had 5 spell levels left.
You knew the following spells:

 Your Spells              Type           Power      Damage    Failure   Level
a - Sandblast             Erth           42%        2d11      1%          1
b - Brom's Barrelling Bo  Conj/Erth      15%        2d4       16%         4
c - Passwall              Erth           21%        N/A       2%          3

Your spell library contained the following spells:

 Spells                   Type           Power      Damage    Failure   Level
 Stone Arrow              Conj/Erth      30%        3d8       4%          3
 Petrify                  Alch/Erth      12%        N/A       21%         4


Dungeon Overview and Level Annotations

Branches:
Dungeon (4/15)
 Temple: D:4-7

Altars:
Gozag
Nemelex Xobeh
Qazlal
Trog
Vehumet
Xom

Shops:
D:2 !

Annotations:
D:3 exclusion: statue
D:4 Ijyb


Innate Abilities, Weirdness & Mutations

You are immune to sickness and miasma.
Your stone body is resilient. (AC +4)
You are immune to poison.
You resist negative energy. (rN+)
You are resistant to electric shocks. (rElec)
You are resistant to unholy torment.
You are immune to petrification.


Message History

Ijyb zaps a wand.
Your mind is blasted!
You climb upwards.
Level annotation: exclusion: statue The orc shouts!
There is a stone staircase leading down here.
An orc is nearby!
The blast of sand hits the orc!
You kill the orc!
You start resting.
Magic restored.
You start resting.
HP restored.
You climb downwards.
Level annotation: Ijyb
There is a stone staircase leading up here.
The blast of sand misses the goblin.
The blast of sand hits the goblin!
You kill the goblin!
The blast of sand hits the goblin!!
You kill the goblin!
Ijyb hits you but does no damage.
The blast of sand hits Ijyb but does no damage.
Ijyb misses you.
The blast of sand hits Ijyb but does no damage.
Ijyb zaps a wand.
You barely resist.
Ijyb zaps a wand.
Your mind is blasted!
The blast of sand hits Ijyb but does no damage.
Ijyb hits you but does no damage.
The blast of sand hits Ijyb but does no damage.
Ijyb hits you but does no damage. Ijyb barely misses you.
The blast of sand misses Ijyb.
Ijyb screams, "I dance on your bones!" Ijyb hits you but does no damage.
The blast of sand hits Ijyb but does no damage.
Ijyb misses you.
Ijyb zaps a wand.
You barely resist.
The blast of sand hits Ijyb but does no damage.
Ijyb hits you with a +0 club.
The blast of sand hits Ijyb but does no damage.
Ijyb hits you with a +0 club.
Ijyb zaps a wand.
Your mind is blasted!
Ijyb zaps a wand.
Your mind is blasted!
Ouch! That really hurt!
You die...

#.............
.............. ...
......./. ...
.........
#.###..(.....
#.#..........
##.##))....g..
#.......#8.g..
#.@g)...# ...
##......# g #......#
###.....# #.......#
##...%..# #.#
#......## #..
#....###..#########..
#...# #...........†.


You could see Ijyb.

Vanquished Creatures
  Crazy Yiuf (D:3)
  A sleepcap (D:4)
  Jessica (D:2)
  3 orc wizards
  Natasha (D:4)
  5 adders
  A dart slug (D:1)
  A ribbon worm (D:2)
  6 orcs
  7 bats
  7 endoplasms
  3 giant cockroaches
  14 goblins
  8 hobgoblins
  2 quokkas (D:1)
  6 ball pythons
  2 frilled lizards
  5 kobolds
  8 rats
  A spectral kobold (D:3)
83 creatures vanquished.

Notes
Turn   | Place    | Note
-------+----------+-------------------------------------------
     0 | D:1      | samcosmo the Gargoyle Earth Elementalist began the quest
                  | for the Orb.
     0 | D:1      | Reached XP level 1. HP: 10/10 MP: 3/3
   279 | D:1      | Reached XP level 2. HP: 16/16 MP: 3/5
   577 | D:1      | Reached skill level 1 in Fighting
   726 | D:1      | Reached XP level 3. HP: 20/20 MP: 3/6
  1486 | D:2      | Reached XP level 4. HP: 25/25 MP: 5/8
  1817 | D:2      | Noticed Jessica
  1824 | D:2      | Killed Jessica
  2037 | D:2      | Found Duel's Distillery.
  2288 | D:2      | Reached XP level 5. HP: 23/30 MP: 6/10
  2497 | D:3      | Learned a level 4 spell: Brom's Barrelling Boulder
  2587 | D:3      | Found a faded altar of an unknown god.
  2589 | D:3      | Found an opulent altar of Gozag.
  2823 | D:3      | Found a runed translucent door.
  2824 | D:3      | Noticed Crazy Yiuf
  2865 | D:3      | Learned a level 3 spell: Passwall
  2869 | D:3      | Killed Crazy Yiuf
  3077 | D:3      | Found a radiant altar of Vehumet.
  3077 | D:3      | Noticed a frost-covered statue
  3226 | D:4      | Found a stormy altar of Qazlal.
  3227 | D:4      | Found a shimmering altar of Xom.
  3227 | D:4      | Found a sparkling altar of Nemelex Xobeh.
  3228 | D:4      | Found a bloodstained altar of Trog.
  3432 | D:3      | Reached XP level 6. HP: 36/36 MP: 8/11
  3693 | D:4      | Noticed Natasha
  3695 | D:4      | Killed Natasha
  3714 | D:4      | Noticed Ijyb
  3770 | D:4      | Blown up by Ijyb

Illustrated notes

Levels and vault maps discovered:
D:1:      sevenhm_arrival_forest_fort_small_4, layout_basic, minmay_cut_off
D:2:      layout_basic, serial_shops, nicolae_shop_advertising_works
          [nicolae_subvault_shop_adworks], grunt_ministairs_11,
          hangedman_feature_mirror, nrook_loot_triangle, uniq_jessica
D:3:      layout_basic, nicolae_gozag_seed_capital, vehumet_statue,
          dreamdust_ecumenical_altar_drowned_temple, uniq_crazy_yiuf_cottage
D:4:      kennysheep_the_goblin_king, layout_cave_pools,
          riverfiend_overflow_shadow_ancestor,
          chequers_temple_overflow_statue_of_worship, uniq_natasha

Skill      XL: |  1  2  3  4  5  6 |
---------------+-------------------+-----
Fighting       | 1 2 |  2.6
Earth Magic    | 4 |  4.8
Dodging        | 2 |  2.7
Spellcasting   | 3 4 |  4.0
Stealth        | |  2.1
Conjurations   | |  1.7

Action                     |  1- 3 |  4- 6 || total
---------------------------+-------+-------++-------
  Melee: Staff             |       |     4 ||     4
   Cast: Sandblast         |    47 |    91 ||   138
         Passwall          |       |     1 ||     1
         Brom's Barrelling |       |     1 ||     1
    Use: Scroll            |       |    14 ||    14
 Armour: Robe              |     3 |    71 ||    74
  Dodge: Dodged            |     9 |    49 ||    58
